 Dungeon Crawl Stone Soup version 0.18.1-48-g4cf74bf (webtiles) character file.

41 MistressOfTheDunes the Insei (level 3, -3/29 HPs)
             Began as a Mummy Monk on June 27, 2016.
             Slain by a hobgoblin
             ... wielding a +0 club
              (6 damage)
             ... on level 2 of the Dungeon.
             The game lasted 00:01:44 (1607 turns).

MistressOfTheDunes the Insei (Mummy Monk)           Turns: 1607, Time: 00:01:45

Health: -3/29      AC:  0    Str: 14    XL:     3   Next: 32%
Magic:  3/3        EV: 13    Int:  9    God:
Gold:   48         SH:  0    Dex: 15    Spells: 0 memorised, 2 levels left

rFire  x . .     SeeInvis +       - Unarmed
rCold  + . .     Gourm    .     (no armour)
rNeg   + + +     Faith    .     (no shield)
rPois  ∞         Spirit   .     (no helmet)
rElec  .         Dismiss  .     (no cloak)
rCorr  .         Reflect  .     (no gloves)
SustAt .         Harm     .     (no boots)
MR     .....                    (no amulet)
Stlth  ++........               (no ring)
                                b - ring of see invisible

@: not resistant to hostile enchantments, unstealthy
A: no food or potions, fire vulnerability, cold resistance 1, negative energy
resistance 3, torment resistance, unbreathing
a: no special abilities


You were on level 2 of the Dungeon.
You were not hungry.

You visited 1 branch of the dungeon, and saw 2 of its levels.

You collected 48 gold pieces.


Innate Abilities, Weirdness & Mutations

You do not eat or drink.
Your flesh is vulnerable to fire.
You are immune to poison.
Your flesh is cold resistant.
You are immune to negative energy.
You are immune to unholy pain and torment.
You can survive without breathing.


   Skills:
 - Level 3.0 Fighting
 - Level 2.4 Dodging
 - Level 1.5 Stealth
 + Level 4.2 Unarmed Combat


You had 2 spell levels left.
You didn't know any spells.

Inventory:

Jewellery
 b - a ring of see invisible (left hand)
Scrolls
 a - 3 scrolls of identify {unknown}
 c - a scroll of enchant weapon {unknown}
 d - a scroll of immolation {unknown}
 e - 2 scrolls of teleportation {unknown}
 f - a scroll of noise {unknown}
 g - a scroll of enchant armour {unknown}

Dungeon Overview and Level Annotations

Branches:
Dungeon (2/15)

Altars:

.......
▒......▒..........▒▒
.......▒▒▒.▒▒▒▒▒..▒......▒▒
).....▒..▒.▒ ▒!...▒.▒▒▒▒▒▒
.........▒.▒▒▒......▒
▒▒.▒▒....▒..........▒
.%..................▒
....................▒
............<▒......▒
.........▒▒▒.▒▒▒M.▒▒▒
........▒▒▒▒...g.▒▒▒▒
........▒▒▒.........▒
....................▒
▒▒.....▒▒▒▒.........▒
▒▒.....▒▒ ▒.........▒
▒▒▒▒▒...▒ ▒.........▒ 8▒
▒...▒ ▒▒▒▒▒▒.▒▒▒▒ ..8▒▒...▒
▒.▒


You could see a hobgoblin.


Message History

The ball python bites you! * * * don't die * * * x2
The ball python constricts you! The hobgoblin barely misses you!
You closely miss the ball python!
The ball python bites you! * * * don't die * * * x2
The ball python constricts you!
You pulverise the ball python!
You annihilate the ball python!!!
The hobgoblin hits you with a club! * * * don't die
* * * You squash the giant cockroach like an ant!
The giant cockroach is severely wounded!
The giant cockroach misses you! The hobgoblin closely misses you!
You pound the giant cockroach into fine dust!
You annihilate the giant cockroach!!!
The hobgoblin barely misses you!
You swing at nothing!
The hobgoblin hits you with a club! * * * don't die
* * * The hobgoblin closely misses you!
You see here a ball python corpse!
The hobgoblin closely misses you!
A jackal comes into view!
You beat the hobgoblin into a bloody pulp!
The hobgoblin is severely wounded!
The hobgoblin hits you with a club! * * * don't die
* * * You pulverise the hobgoblin but do no damage!
The hobgoblin is severely wounded!
The hobgoblin hits you with a club! rip

Action                   || total
-------------------------++-------
Melee: Unarmed           ||    88
       Punch             ||     1
 Stab: Sleeping          ||     3
Dodge: Dodged            ||    49

Vault maps used:
D:1:      minmay_arrival_doors
D:2:      nicolae_overflow_hidden_temple, ecumenical_altar_2

Notes
Turn   | Place    | Note
--------------------------------------------------------------
     0 | D:1      | MistressOfTheDunes the Mummy Monk began the quest for the Orb.
     0 | D:1      | Reached XP level 1. HP: 18/18 MP: 1/1
   474 | D:1      | Reached XP level 2. HP: 24/24 MP: 2/2
   797 | D:2      | Found a faded altar to an unknown god.
   893 | D:2      | Reached skill level 4 in Unarmed Combat
  1043 | D:2      | Reached XP level 3. HP: 23/29 MP: 3/3
  1607 | D:2      | Slain by a hobgoblin

Vanquished Creatures
  An adder (D:2)
  An ooze (D:2)
  A worm (D:2)
  A dart slug (D:2)
  A ball python (D:2)
  A giant cockroach (D:2)
  4 goblins (D:1)
  A hobgoblin (D:1)
  3 kobolds
  3 quokkas (D:2)
  2 bats
  3 rats
22 creatures vanquished.
